 Dungeon Crawl Stone Soup version 0.27-a0-797-g27d10ad80f (webtiles) character file.

Game seed: 5225048874565148629

36 polve the Slasher (level 3, -7/29 HPs)
             Began as a Demonspawn Abyssal Knight on Mar 27, 2021.
             Was a Follower of Lugonu.
             Mangled by a worm (8 damage)
             ... on level 2 of the Dungeon.
             The game lasted 00:01:31 (2038 turns).

polve the Slasher (Demonspawn Abyssal Knight)       Turns: 2038, Time: 00:01:31

Health: -7/29      AC:  3    Str: 12    XL:     3   Next: 19%
Magic:  4/4        EV: 11    Int: 14    God:    Lugonu [*.....]
Gold:   155        SH:  0    Dex: 12    Spells: 2/2 levels left

rFire    . . .     SeeInvis .   a - +1 falchion
rCold    . . .     Faith    .   (no shield)
rNeg     . . .     Spirit   .   b - +0 leather armour
rPois    .         Reflect  .   (helmet restricted)
rElec    .         Harm     .   (no cloak)
rCorr    .         Rampage  .   (no gloves)
Will     .....                  (no boots)
Stlth    +.........             (no amulet)
HPRegen  0.09/turn              (no ring)
MPRegen  0.09/turn              (no ring)

@: no status effects
A: horns 1, sturdy frame 1
a: Renounce Religion, Depart the Abyss


You were on level 2 of the Dungeon.
You worshipped Lugonu.
Lugonu was aware of your devotion.
You visited 1 branch of the dungeon, and saw 2 of its levels.
You visited the Abyss 1 time.

You collected 155 gold pieces.

Inventory:

Hand Weapons
 a - a +1 falchion (weapon)
Armour
 b - a +0 leather armour (worn)
Scrolls
 e - a scroll of noise {unknown}
 f - a scroll of teleportation {unknown}
 g - a scroll of identify {unknown}
 j - a scroll of enchant armour {unknown}
Potions
 c - a potion of flight
 d - a potion of might {unknown}
 h - 2 potions of haste {unknown}
 i - a potion of cancellation {unknown}


   Skills:
 - Level 3.0 Fighting
 + Level 3.3 Long Blades
 - Level 1.7 Armour
 - Level 0.8 Dodging
 - Level 2.4 Invocations


You had 2 spell levels left.
You didn't know any spells.
Your spell library was empty.

Dungeon Overview and Level Annotations

Branches:
Dungeon (2/15)

Altars:


Innate Abilities, Weirdness & Mutations

You have a pair of small horns on your head.
Your movements are slightly less encumbered by armour. (ER -2)


Message History

You kill the giant cockroach!
Lugonu accepts your kill.
No target in view!
No target in view!
No target in view!
No target in view!
No target in view!
No target in view!
You see here a giant cockroach corpse.
A worm comes into view.
A worm is nearby!
A worm is nearby!
A worm is nearby!
You barely miss the worm. The worm bites you.
You barely miss the worm. The worm bites you.
You are too injured to fight recklessly!
You are too injured to fight recklessly!
You are too injured to fight recklessly!
You are too injured to fight recklessly!
You are too injured to fight recklessly!
You are too injured to fight recklessly!
You are too injured to fight recklessly!
You are too injured to fight recklessly!
You are too injured to fight recklessly!
You hit the worm. You headbutt the worm.
The worm is moderately wounded.
You hit the worm.
The worm is moderately wounded.
The worm bites you.
You hit the worm but do no damage.
The worm is moderately wounded.
You hit the worm.
The worm is heavily wounded.
The worm bites you!
* * * LOW HITPOINT WARNING * * *
You barely miss the worm.
You headbutt the worm, but do no damage.
The worm is heavily wounded.
The worm bites you!
You die...

.......#######
⌠.............
.......######## #
...####.......# .#
..#..##†#####.##.#
..#...#.#####....#
..##.<#........#
...####.##.##..########.
.#.#.##.##.##...@w......
........##.##....!......
##.#.##.##.###.###..#..#
##.#.##.##.# #.# .## #
........##.# #.# .
.....###.#.# #.# ..
##.### ..# #.# .. ##.###
#. ... ......


You could see a worm.

Vanquished Creatures
  An adder (D:2)
  A dart slug (D:1)
  A ball python (D:2)
  2 bats (D:1)
  3 endoplasms
  2 giant cockroaches
  2 goblins (D:1)
  3 hobgoblins (D:1)
  5 frilled lizards (D:1)
  4 rats (D:1)
24 creatures vanquished.

Notes
Turn   | Place    | Note
-------+----------+-------------------------------------------
     0 | Abyss:1  | polve the Demonspawn Abyssal Knight began the quest for the
                  | Orb.
     0 | Abyss:1  | Reached XP level 1. HP: 18/18 MP: 2/2
    76 | Abyss:2  | Noticed an efreet
    86 | Abyss:2  | Noticed a blink frog
    86 | Abyss:2  | Noticed a blink frog
    96 | Abyss:2  | Noticed a vampire
    97 | D:1      | Escaped the Abyss
   568 | D:1      | Gained mutation: You have a pair of small horns on your
                  | head. [demonic ancestry]
   568 | D:1      | Reached XP level 2. HP: 16/24 MP: 3/3
   568 | D:1      | Reached * piety under Lugonu
  1602 | D:2      | HP: 1/24 [adder (2)]
  1604 | D:2      | Gained mutation: Your movements are slightly less
                  | encumbered by armour. (ER -2) [demonic ancestry]
  1604 | D:2      | Reached XP level 3. HP: 2/29 MP: 4/4
  2037 | D:2      | HP: 1/29 [worm (11)]
  2038 | D:2      | Mangled by a worm

Illustrated notes

Levels and vault maps discovered:
D:1:      erik_arrival_triangle_small, layout_loops_ring, moated_statue
D:2:      layout_loops_ring, ashenzari_conservatory_becter,
          nzn_wu_jian_contemplation, marbit_many_paths, grunt_ministairs_6,
          minmay_pentomino_x2

Skill      XL: |  1  2 |
---------------+-------+-----
Long Blades    | 2 3 |  3.3
Fighting       | |  3.0
Armour         | |  1.7
Dodging        | |  0.8
Invocations    | |  2.4

Action                   || total
-------------------------++-------
Melee: Falchion          ||    82
       Headbutt          ||     6
Invok: Depart the Abyss  ||     1
  Use: Potion            ||     1
Armor: Leather armour    ||    20
Dodge: Dodged            ||    56
       Rpst.: Falchion   ||    10

Table legend: (Time is in decaauts)
 A = Elapsed time spent in this place.
 B = Non-inter-level travel time spent in this place.
 C = Inter-level travel time spent in this place.
 D = Time resting spent in this place.
 E = Time spent auto-exploring this place.
 F = Levels seen in this place.
 G = Mean time per level.
                   A        B        C        D        E       F      G
               +--------+--------+--------+--------+--------+-----+--------+
         Total |   2051 |   1993 |     58 |      0 |   1705 |   4 |  512.8 |
       Dungeon |   1954 |   1896 |     58 |      0 |   1638 |   2 |  977.0 |
         Abyss |     96 |     96 |      0 |      0 |     67 |   2 |   48.0 |
               +--------+--------+--------+--------+--------+-----+--------+

Top non-repeatable levels by time:
     D:1: 1831 daAuts
     D:2: 122 daAuts
 Abyss:1: 52 daAuts
 Abyss:2: 44 daAuts
